 Dungeon Crawl Stone Soup version 0.27-a0-380-g150de4c316 (webtiles) character file.

Game seed: 14546284930449314885

319400 Betwixt the Peltast (level 21, -3/149 HPs)
             Began as a Gargoyle Fighter on Feb 16, 2021.
             Was the Champion of Makhleb.
             Blown up by Boris (35 damage)
             ... with a wavering orb of destruction
             ... on level 4 of the Vaults on Feb 17, 2021.
             The game lasted 03:41:35 (45221 turns).

Betwixt the Peltast (Gargoyle Fighter)             Turns: 45221, Time: 03:41:36

Health: -3/149     AC: 39    Str: 33    XL:     21   Next: 47%
Magic:  33/33      EV: 10    Int: 18    God:    Makhleb [******]
Gold:   2448       SH: 17    Dex:  9    Spells: 20/20 levels left

rFire    + . .     SeeInvis +   N - +6 mace "Kiocraba" {flame, rN+ SInv Stlth+}
rCold    + . .     Faith    +   c - +0 kite shield
rNeg     + + .     Spirit   .   K - +4 scale mail of the Pleiades {MP-9 Str+3 Stlth+}
rPois    ∞         Reflect  .   B - +1 helmet of the First Tales {Int+5 Slay+3 Stlth+}
rElec    +         Harm     .   d - +2 cloak {rCorr}
rCorr    +         Rampage  .   S - +1 pair of gloves
Will     +....                  l - +0 pair of boots
Stlth    +++.......             J - amulet of faith
HPRegen  1.34/turn              Y - ring "Cuelus" {rC+ MP+9 Int+4 Slay+3}
MPRegen  0.23/turn              o - ring of protection from fire

@: flying
A: big wings, deformed body, negative energy resistance 1, regeneration 1,
robust 1, electricity resistance, unbreathing, petrification resistance, miasma
immunity, sturdy frame 1, AC +16
}: 2/15 runes: serpentine, barnacled
a: Stop Flying, Renounce Religion, Minor Destruction, Lesser Servant of Makhleb,
Major Destruction, Greater Servant of Makhleb


You were on level 4 of the Vaults.
You worshipped Makhleb.
Makhleb was exalted by your worship.
You visited 7 branches of the dungeon, and saw 36 of its levels.

You collected 3307 gold pieces.
You spent 859 gold pieces at shops.

Inventory:

Hand Weapons
 r - the +8 Wrath of Trog {antimagic, *Rage}
   (You found it on level 15 of the Dungeon)

   It reduces the magical energy of the wielder, and disrupts the spells and
   magical abilities of those hit.
   Natural abilities and divine invocations are not affected.
   It may make you go berserk in combat.
 N - the +6 mace "Kiocraba" (weapon) {flame, rN+ SInv Stlth+}
   (You found it on level 8 of the Dungeon)

   It has been specially enchanted to burn those struck by it, causing extra
   injury to most foes and up to half again as much damage against particularly
   susceptible opponents.
   It protects you from negative energy.
   It lets you see invisible.
   It makes you more stealthy.
 O - the +9 hand axe "Xetazose" {elec, rN+}
   (You found it on level 12 of the Dungeon)

   Occasionally, upon striking a foe, it can discharge electrical energy and
   cause terrible harm.
   It protects you from negative energy.
Missiles
 b - 5 throwing nets
 v - 158 poisoned darts (quivered)
Armour
 c - a +0 kite shield (worn)
 d - a +2 cloak of preservation (worn)
 l - a +0 pair of boots (worn)
 B - the +1 helmet of the First Tales (worn) {Int+5 Slay+3 Stlth+}
   (You found it on level 3 of the Shoals)

   It affects your intelligence (+5).
   It affects your accuracy and damage with ranged weapons and melee attacks
   (+3).
   It makes you more stealthy.
 K - the +4 scale mail of the Pleiades (worn) {MP-9 Str+3 Stlth+}
   (You found it on level 8 of the Dungeon)

   It affects your strength (+3).
   It affects your magic capacity (-9).
   It makes you more stealthy.
 P - a +1 plate armour of willpower
 S - a +1 pair of gloves (worn)
 U - +0 fire dragon scales
 X - a +2 tower shield
Jewellery
 h - an amulet of magic regeneration
 o - a ring of protection from fire (right hand)
 p - a +4 ring of evasion
 s - a ring of protection from fire
 C - a ring of protection from fire
 H - an amulet of regeneration
 J - an amulet of faith (around neck)
 Y - the ring "Cuelus" (left hand) {rC+ MP+9 Int+4 Slay+3}
   (You acquired it on level 1 of the Shoals)

   [ring of magical power]

   It affects your intelligence (+4).
   It affects your accuracy and damage with ranged weapons and melee attacks
   (+3).
   It protects you from cold.
   It affects your magic capacity (+9).
Wands
 a - a wand of iceblast (22)
 t - a wand of mindburst (27)
 G - a wand of flame (57)
 R - a wand of digging (10)
Scrolls
 e - 2 scrolls of blinking
 f - a scroll of immolation
 m - 2 scrolls of summoning
 n - a scroll of fog
 u - 14 scrolls of identify
 y - 4 scrolls of fear
 z - 8 scrolls of magic mapping
 A - 8 scrolls of enchant weapon
 D - 5 scrolls of enchant armour
 M - 12 scrolls of teleportation
 Q - a scroll of brand weapon
 V - 2 scrolls of silence
 W - a scroll of holy word
Potions
 g - 4 potions of resistance
 i - 10 potions of curing
 j - 3 potions of berserk rage
 k - 4 potions of lignification
 q - 10 potions of flight
 w - 4 potions of might
 x - 2 potions of cancellation
 F - a potion of invisibility
 I - a potion of magic
 L - 2 potions of haste
 Z - 2 potions of mutation
Miscellaneous
 E - a phial of floods
 T - a phantom mirror


   Skills:
 + Level 15.9 Fighting
 + Level 8.5(11.6) Axes
 - Level 13.5(14.5) Maces & Flails
 + Level 19.0 Armour
 * Level 20.7 Shields
 - Level 17.1 Invocations


You had 20 spell levels left.
You didn't know any spells.
Your spell library contained the following spells:

 Spells                   Type           Power        Failure   Level
 Animate Skeleton         Necr           0%           28%         1
 Freeze                   Ice            0%           28%         1
 Magic Dart               Conj           0%           28%         1
 Pain                     Necr           0%           28%         1
 Shock                    Conj/Air       0%           28%         1
 Summon Small Mammal      Summ           0%           28%         1
 Blink                    Tloc           N/A          38%         2
 Call Imp                 Summ           0%           38%         2
 Slow                     Hex            0%           38%         2
 Swiftness                Air            0%           38%         2
 Call Canine Familiar     Summ           0%           63%         3
 Confusing Touch          Hex            0%           63%         3
 Conjure Flame            Conj/Fire      0%           63%         3
 Frozen Ramparts          Ice            0%           63%         3
 Gell's Gravitas          Tloc           0%           63%         3
 Mephitic Cloud           Conj/Pois/Air  0%           63%         3
 Ozocubu's Armour         Ice            0%           63%         3
 Static Discharge         Conj/Air       0%           63%         3
 Summon Guardian Golem    Hex/Summ       0%           63%         3
 Vampiric Draining        Necr           0%           63%         3
 Airstrike                Air            0%           95%         4
 Animate Dead             Necr           0%           95%         4
 Hailstorm                Conj/Ice       0%           95%         4
 Ice Form                 Ice/Tmut       0%           95%         4
 Petrify                  Tmut/Erth      0%           95%         4
 Summon Ice Beast         Ice/Summ       0%           95%         4
 Summon Lightning Spire   Summ/Air       0%           95%         4
 Agony                    Necr           0%           100%        5
 Borgnjor's Vile Clutch   Necr/Erth      0%           100%        5
 Lightning Bolt           Conj/Air       0%           100%        5
 Metabolic Englaciation   Hex/Ice        0%           100%        5
 Silence                  Hex/Air        0%           100%        5
 Yara's Violent Unravell  Hex/Tmut       0%           100%        5
 Conjure Ball Lightning   Conj/Air       0%           100%        6
 Death Channel            Necr           0%           100%        6
 Freezing Cloud           Conj/Ice/Air   0%           100%        6
 Simulacrum               Ice/Necr       0%           100%        6
 Ozocubu's Refrigeration  Ice            0%           100%        7
 Ignition                 Fire           0%           100%        8
 Shatter                  Erth           0%           100%        9
 Tornado                  Air            0%           100%        9


Dungeon Overview and Level Annotations

Branches:
Dungeon (15/15)            Temple (1/1) D:5            Lair (6/6) D:8
 Shoals (4/4) Lair:4        Snake (4/4) Lair:4        Slime (0/5) Lair:5
    Orc (2/2) D:10            Elf (0/3) Orc:2        Vaults (4/5) D:14
  Crypt (0/3) Vaults:2     Depths (0/5) D:15

Altars:
Ashenzari
Cheibriados
Dithmenos
Elyvilon
Fedhas
Gozag
Hepliaklqana
Kikubaaqudgha
Makhleb
Nemelex Xobeh
Okawaru
Qazlal
Ru
Sif Muna
Trog
Uskayaw
Vehumet
Wu Jian
Xom
Yredelemnul
Zin
The Shining One

Shops:
D:6 (   D:13 ?=??[   Orc:2 ([*=   Snake:1 ?   Snake:2 :==   Vaults:1 !

Annotations:
D:10 2 transporters, Betwixt's ghost, novice GrFi
D:13 3 runed translucent doors, Odowaim's ghost, journeyman KoGl
Lair:5 exclusion: 3 oklob plants
Lair:6 2 runed translucent doors
Snake:3 3 runed translucent doors, Ninadorr's ghost, journeyman MiFi
Vaults:4 Boris


Innate Abilities, Weirdness & Mutations

You are resistant to torment.
Your stone body is resilient. (AC +16)
You are immune to poison.
Your large and strong wings let you fly indefinitely.
You resist negative energy. (rN+)
You are resistant to electric shocks. (rElec)
You can survive without breathing.
You are immune to petrification.
You are immune to miasma.
Armour fits poorly on your strangely shaped body.
Your natural rate of healing is unusually fast.
You are robust. (+10% HP)
Your movements are slightly less encumbered by armour. (ER -2)


Message History

Ouch! That really hurt!
You hit Boris but do no damage.
Boris is lightly damaged.
You sock Boris! You burn Boris.
Boris is moderately damaged.
Boris hits you but does no damage. You block Boris's attack.
You thump Boris! You burn Boris.
Boris is moderately damaged.
You block Boris's attack. Boris touches you but does no damage.
You hit Boris but do no damage.
Boris is moderately damaged.
You bludgeon Boris!! You burn Boris.
Boris is heavily damaged.
You block Boris's attack. Boris touches you but does no damage.
Okay, then.
You hit Boris. You burn Boris.
Boris is heavily damaged.
Boris completely misses you. You block Boris's attack.
You barely miss Boris.
Boris is heavily damaged.
You bludgeon Boris!! You burn Boris.
Boris is severely damaged.
Boris conjures a glowing orb.
The wavering orb of destruction weakly hits you!!!
* * * LOW HITPOINT WARNING * * *
You barely miss Boris.
Boris is severely damaged.
Boris stares.
Boris closely misses you. Boris touches you but does no damage.
You barely miss Boris.
Boris is severely damaged.
You block Boris's attack. Boris touches you but does no damage.
You thump Boris! You burn Boris.
Boris is almost destroyed.
You hit Boris. You burn Boris.
Boris is almost destroyed.
Boris says, "There's only one solution for you.
To die."
Boris launches a ball of destructive magic.
The wavering orb of destruction weakly hits you!!
You die...

)#......).........#
.'.....)#.........#
.#......#.........#
.###########'########
## #...#....#
#...#.)..# ####)####+
#...#)..)# #.34#@..(#
####L####+ #...#....#
#... ....# #### ##+##


You could see Boris.

Vanquished Creatures
  Mara (Shoals:3)
  Margery (Vaults:3)
  Jorgrun (Orc:2)
  A sphinx (D:12)
  Kirke (Shoals:3)
  A storm dragon (D:12)
  Donald (Vaults:3)
  A fire giant (Vaults:4)
  7 nagarajas
  2 frost giants
  An orc warlord (Orc:1)
  7 vault wardens
  Aizul (Snake:2)
  10 ironheart preservers
  4 stone giants
  A very ugly thing (Vaults:3)
  A vampire knight (Vaults:2)
  An entropy weaver (Vaults:3)
  An ettin (Vaults:4)
  A deep elf death mage (Vaults:4)
  2 fire dragons (Vaults:3)
  11 merfolk impalers
  3 merfolk javelineers (Shoals:4)
  An eidolon (Vaults:2)
  A great orb of eyes (Vaults:2)
  Erolcha (D:12)
  8 yaktaur captains
  A rakshasa (Vaults:3)
  3 ice dragons
  8 hydras
  14 anacondas
  8 boulder beetles
  9 vault guards
  2 merfolk aquamancers (Shoals:4)
  22 naga warriors
  9 ogre magi
  A catoblepas (Lair:6)
  6 centaur warriors
  2 alligator snapping turtles
  A two-headed ogre (shapeshifter) (Vaults:4)
  2 merfolk avatars (Shoals:4)
  2 death knights
  2 deep troll earth magi
  5 satyrs
  23 two-headed ogres
  2 deep troll shamans (Vaults:1)
  A tengu warrior (D:15)
  A queen ant (Lair:2)
  4 spriggan berserkers
  4 death yaks
  4 orc high priests (Orc:2)
  9 naga sharpshooters
  A vampire mage (Vaults:2)
  Urug (D:12)
  11 shock serpents
  4 deep elf knights
  2 hell knights (Vaults:3)
  A fire crab (Lair:6)
  Nergalle (Lair:1)
  2 salamander mystics (Snake:4)
  A deep troll (Vaults:1)
  A flayed ghost (Vaults:3)
  7 naga ritualists
  A sea snake (shapeshifter) (Vaults:2)
  2 unseen horrors (D:11)
  22 sea snakes
  8 ironbrand convokers
  2 phantasmal warriors
  3 necromancers
  A wolf spider (Vaults:1)
  22 harpies
  7 orc knights
  7 wizards
  2 deep elf archers
  3 deep elf zephyrmancers
  4 deep elf pyromancers
  17 manticores
  8 mana vipers
  7 orc sorcerers
  A moth of wrath (shapeshifter) (Vaults:1)
  15 cyclopes
  A fire giant skeleton (Vaults:3)
  8 fauns
  25 ugly things
  8 merfolk sirens
  10 salamanders
  8 vault sentinels
  11 elephants
  3 water nymphs
  11 guardian serpents
  16 naga magi
  2 molten gargoyles (Lair:6)
  2 human zombies (Vaults:3)
  An eye of devastation (shapeshifter) (D:12)
  32 black mambas
  A yaktaur zombie (Vaults:3)
  10 cane toads
  A gargoyle (D:13)
  A freezing wraith (Vaults:3)
  27 yaktaurs
  14 komodo dragons
  3 rime drakes
  26 merfolk
  5 polar bears
  4 trolls
  Grinder (D:3)
  9 wind drakes
  A blink frog (shapeshifter) (Vaults:2)
  16 slime creatures
  8 dream sheep
  13 blink frogs
  A fire giant simulacrum (Vaults:2)
  A snapping turtle (shapeshifter) (Vaults:3)
  4 snapping turtles
  A redback (Vaults:3)
  3 shadows
  4 wraiths
  A spriggan (Lair:1)
  5 water elementals
  A vampire (D:9)
  9 wyverns
  8 basilisks
  40 yaks
  17 humans (D:14)
  2 steam dragons
  A golden eye (shapeshifter) (Vaults:3)
  A steam dragon (shapeshifter) (Vaults:2)
  2 yaktaur simulacra
  A vampire mosquito (D:12)
  4 soldier ants
  9 wargs
  3 acid dragons
  19 water moccasins
  58 nagas
  3 hell hounds (Lair:6)
  33 orc warriors
  4 sky beasts
  An ice beast (D:10)
  4 black bears
  An eye of draining (D:14)
  31 ogres
  19 wolves
  10 boggarts
  13 centaurs
  4 phantoms
  2 kobold brigands (D:14)
  A wyvern zombie (D:9)
  18 bullfrogs
  3 gnoll sergeants (D:6)
  A water moccasin zombie (D:6)
  2 wyvern skeletons
  3 scorpions
  7 killer bees
  9 wights
  3 howler monkeys
  5 electric eels
  5 lava snakes (Lair:6)
  2 bullfrog zombies
  A quasit (D:12)
  3 centaur skeletons
  A centaur zombie (D:7)
  10 jellies
  27 orc priests
  A gnoll shaman (D:6)
  7 hounds
  4 iguanas
  6 hell rats (Lair:3)
  24 orc wizards
  22 worker ants
  Terence (D:1)
  A killer bee zombie (D:8)
  2 hound zombies (D:5)
  A worker ant zombie (D:5)
  12 gnolls (D:6)
  5 adders
  2 shadow imps
  2 white imps
  An adder zombie (D:7)
  An adder skeleton (D:6)
  4 worms
  2 dart slugs
  6 leopard geckos
  71 orcs
  7 giant cockroaches
  8 goblins
  4 hobgoblins
  22 jackals
  6 quokkas
  2 ball pythons
  7 bats
  2 frilled lizards
  11 kobolds
  A leopard gecko skeleton (D:8)
  A leopard gecko zombie (D:3)
  A quokka zombie (D:3)
  13 rats
1340 creatures vanquished.

Vanquished Creatures (collateral kills)
  A sphinx (D:12)
  A storm dragon (D:12)
  A vault warden (Vaults:3)
  An ironheart preserver (Vaults:1)
  Louise (Shoals:1)
  An ettin (D:12)
  A centaur warrior (Vaults:1)
  A two-headed ogre (Vaults:1)
  2 death yaks (Lair:5)
  3 hell knights (Vaults:3)
  A skeletal warrior (Vaults:3)
  4 sea snakes
  An ironbrand convoker (Vaults:3)
  A manticore (D:12)
  An ugly thing (D:12)
  A salamander (Snake:1)
  3 harpies (Shoals:2)
  4 fauns (Shoals:3)
  A merfolk siren (Shoals:3)
  A freezing wraith (Vaults:3)
  A yaktaur (Vaults:3)
  2 merfolk
  2 wind drakes
  3 slime creatures
  A yak (Lair:5)
  An acid dragon (Vaults:2)
  An orc warrior (D:12)
  A centaur (D:15)
  An ogre (shapeshifter) (Vaults:2)
  An orc (D:12)
45 creatures vanquished.

Vanquished Creatures (others)
  A wizard (D:14)
  A guardian serpent (Snake:4)
  Psyche (D:12)
  A shadow (D:13)
  2 humans (Shoals:3)
  A hound (D:12)
  An orc priest (Orc:2)
  A shadow imp (D:9)
  A kobold (D:14)
  30 fungi
  103 plants
143 creatures vanquished.

Grand Total: 1528 creatures vanquished

Notes
Turn   | Place    | Note
-------+----------+-------------------------------------------
     0 | D:1      | Betwixt the Gargoyle Fighter began the quest for the Orb.
     0 | D:1      | Reached XP level 1. HP: 14/14 MP: 1/1
    65 | D:1      | Found a broken altar of Ashenzari.
    98 | D:1      | Reached XP level 2. HP: 17/20 MP: 2/2
   478 | D:1      | Reached XP level 3. HP: 21/24 MP: 3/3
  1229 | D:2      | Noticed Terence
  1248 | D:1      | Killed Terence
  1249 | D:1      | Reached XP level 4. HP: 23/29 MP: 4/4
  1328 | D:2      | Reached skill level 4 in Shields
  1729 | D:3      | Noticed Grinder
  1763 | D:3      | Paralysed by Grinder for 7 turns
  1772 | D:3      | Paralysed by Grinder for 4 turns
  1780 | D:3      | Killed Grinder
  1781 | D:3      | Reached XP level 5. HP: 16/34 MP: 5/5
  1781 | D:3      | Reached XP level 6. HP: 19/39 MP: 6/6
  1958 | D:3      | Found a shimmering altar of Xom.
  1962 | D:3      | Found a radiant altar of Vehumet.
  2334 | D:3      | Reached skill level 5 in Armour
  2675 | D:4      | Reached skill level 5 in Fighting
  2675 | D:4      | Reached skill level 5 in Shields
  2895 | D:4      | HP: 2/40 [ogre/+0 giant club (10)]
  2898 | D:4      | Reached XP level 7. HP: 3/44 MP: 7/7
  3328 | D:4      | Found a shadowy altar of Dithmenos.
  4129 | D:5      | Entered Level 5 of the Dungeon
  4425 | D:5      | Found a staircase to the Ecumenical Temple.
  4447 | D:5      | Got an ancient buckler
  4458 | D:5      | Identified the +3 buckler of Daffodils {+Fly rElec} (You
                  | found it on level 5 of the Dungeon)
  4473 | Temple   | Entered the Ecumenical Temple
  5043 | D:5      | Found an ornate altar of the Wu Jian Council.
  5256 | D:5      | Found a white marble altar of Elyvilon.
  5507 | D:6      | Reached XP level 8. HP: 43/51 MP: 8/8
  5668 | D:6      | Reached skill level 6 in Shields
  6210 | D:6      | Reached skill level 5 in Axes
  6320 | D:6      | Found a sparkling altar of Nemelex Xobeh.
  6532 | D:6      | Found Daahig's Antique Weapon Boutique.
  6538 | D:6      | Bought a glowing mace for 102 gold pieces
  6858 | D:7      | Found a broken altar of Ashenzari.
  6870 | D:7      | Reached skill level 1 in Maces & Flails
  6870 | D:7      | Reached skill level 7 in Shields
  6870 | D:7      | Reached XP level 9. HP: 56/56 MP: 9/9
  7925 | D:8      | Found a staircase to the Lair.
  7933 | D:8      | Got a slimy scale mail
  7944 | D:8      | Identified the +4 scale mail of the Pleiades {MP-9 Str+3
                  | Stlth+} (You found it on level 8 of the Dungeon)
  8265 | D:8      | Found a shimmering blue altar of Sif Muna.
  8329 | D:8      | Found a basalt altar of Yredelemnul.
  8403 | D:8      | Found a sacrificial altar of Ru.
  8582 | D:8      | Got a jewelled mace
  8583 | D:8      | Identified the +6 mace "Kiocraba" {flame, rN+ SInv Stlth+}
                  | (You found it on level 8 of the Dungeon)
  8633 | D:8      | Found a hide-covered altar of Uskayaw.
  8637 | D:8      | Found a burning altar of Makhleb.
  8643 | D:8      | Became a worshipper of Makhleb the Destroyer
  8653 | D:8      | Gained mutation: You have large cloven feet. [potion of
                  | mutation]
  8653 | D:8      | Gained mutation: You are occasionally teleported next to
                  | monsters. [potion of mutation]
  8653 | D:8      | Gained mutation: Your mind is acute. (Int +2) [potion of
                  | mutation]
  8831 | D:9      | Reached skill level 8 in Shields
  9103 | D:9      | Noticed a troll
  9114 | D:9      | Killed a troll
  9115 | D:9      | Reached XP level 10. HP: 45/64 MP: 1/10
 10323 | D:10     | Entered Level 10 of the Dungeon
 10516 | D:10     | Noticed a two-headed ogre
 10530 | D:9      | Lost mutation: You have large cloven feet. [potion of
                  | mutation]
 10530 | D:9      | Lost mutation: You are occasionally teleported next to
                  | monsters. [potion of mutation]
 10530 | D:9      | Lost mutation: Your mind is acute. (Int +2) [potion of
                  | mutation]
 10530 | D:9      | Gained mutation: Your natural rate of healing is unusually
                  | fast. [potion of mutation]
 10530 | D:9      | Gained mutation: You are robust. (+10% HP) [potion of
                  | mutation]
 10530 | D:9      | Gained mutation: Your movements are slightly less
                  | encumbered by armour. (ER -2) [potion of mutation]
 10550 | D:10     | Killed a two-headed ogre
 10603 | D:11     | Reached skill level 5 in Maces & Flails
 10710 | D:10     | Reached skill level 9 in Shields
 10746 | D:10     | Reached * piety under Makhleb
 11004 | D:10     | Found the ring of the Mage {Wiz Will++ Int+3}
 11017 | D:10     | Found a transporter.
 11021 | D:10     | Noticed Betwixt's ghost (novice GrFi)
 11023 | D:10     | Noticed a manticore
 11025 | D:10     | Noticed a moth of wrath
 11041 | D:10     | Found a transporter.
 11104 | D:10     | Identified the +6 mace of Ejoezir {vorpal, rElec rPois
                  | Will+ Str+3 Stlth-}
 11108 | D:10     | Noticed a boulder beetle
 11109 | D:10     | Noticed a boulder beetle
 11109 | D:10     | Noticed a five-headed hydra
 11109 | D:10     | Noticed a purple ugly thing
 11110 | D:10     | Noticed a five-headed hydra
 11524 | D:10     | Found a staircase to the Orcish Mines.
 11723 | Lair:1   | Entered Level 1 of the Lair of Beasts
 11777 | Lair:1   | Reached XP level 11. HP: 67/79 MP: 2/11
 11839 | Lair:1   | Noticed Nergalle
 11932 | Orc:1    | Entered Level 1 of the Orcish Mines
 11950 | Orc:1    | Noticed an orc high priest
 11966 | D:10     | Reached ** piety under Makhleb
 11983 | Orc:1    | Noticed an orc sorcerer
 12062 | Orc:1    | Killed an orc sorcerer
 12063 | Orc:1    | Reached skill level 10 in Fighting
 12063 | Orc:1    | Reached skill level 10 in Armour
 12183 | Orc:1    | Reached skill level 10 in Shields
 12190 | Orc:1    | Noticed a sun demon
 12194 | Orc:2    | Entered Level 2 of the Orcish Mines
 12231 | Orc:2    | Killed an orc high priest
 12232 | Orc:2    | Reached skill level 1 in Invocations
 12627 | Orc:1    | Noticed an orc sorcerer
 12646 | Orc:1    | Killed an orc sorcerer
 12723 | Orc:1    | Reached *** piety under Makhleb
 12972 | Orc:2    | Found a staircase to the Elven Halls.
 13153 | Orc:2    | Noticed an orc warlord
 13154 | Orc:2    | Noticed an orc sorcerer
 13240 | Orc:2    | Noticed an orc knight
 13261 | Orc:2    | Noticed Jorgrun
 13290 | Orc:1    | Killed an orc knight
 13429 | Orc:2    | Noticed an orc knight
 13519 | Orc:1    | Killed an orc knight
 13655 | Lair:1   | Killed Nergalle
 13656 | Lair:1   | Reached XP level 12. HP: 86/86 MP: 5/14
 13844 | Lair:1   | Noticed a four-headed hydra
 13873 | Lair:1   | Killed a four-headed hydra
 14045 | Lair:1   | Reached skill level 11 in Shields
 14364 | Lair:2   | Noticed a four-headed hydra
 14393 | Lair:2   | Killed a four-headed hydra
 14394 | Lair:2   | Reached skill level 5 in Invocations
 14479 | Lair:2   | Noticed a six-headed hydra
 14495 | Lair:2   | Killed a six-headed hydra
 14773 | Lair:2   | Reached **** piety under Makhleb
 15196 | Lair:2   | Upgraded the game from 0.27-a0-364-g31b3477d74 to
                  | 0.27-a0-380-g150de4c316
 15263 | Lair:3   | Noticed a queen ant
 15309 | Lair:2   | Killed a queen ant
 15644 | Lair:3   | Reached XP level 13. HP: 93/93 MP: 8/17
 16749 | Lair:4   | Found a staircase to the Snake Pit.
 16894 | Lair:4   | Reached skill level 12 in Shields
 16901 | Lair:4   | Found a staircase to the Shoals.
 17194 | Lair:4   | Reached ***** piety under Makhleb
 18347 | Lair:5   | Found a staircase to the Slime Pits.
 18556 | Lair:6   | Entered Level 6 of the Lair of Beasts
 18684 | Lair:5   | Reached skill level 10 in Maces & Flails
 18701 | Lair:5   | Gained mutation: Your large and strong wings let you fly
                  | indefinitely. [Gargoyle growth]
 18701 | Lair:5   | Reached XP level 14. HP: 96/101 MP: 11/20
 18821 | Lair:6   | Got a translucent dagger
 18832 | Lair:6   | Identified the +4 dagger "Jisemm" {vorpal, rElec Int+4}
                  | (You found it on level 6 of the Lair of Beasts)
 19102 | Lair:6   | Found a hazy altar of Hepliaklqana.
 19645 | Lair:6   | Reached skill level 13 in Shields
 19687 | Lair:6   | Found a large runed translucent door.
 19941 | Lair:6   | Found a large runed translucent door.
 19966 | Lair:6   | Reached ****** piety under Makhleb
 20542 | D:11     | Found a stormy altar of Qazlal.
 20706 | D:11     | Found an iron altar of Okawaru.
 21254 | Orc:1    | Killed an orc warlord
 21518 | Orc:2    | Killed Jorgrun
 21767 | Orc:2    | Reached XP level 15. HP: 102/108 MP: 13/22
 21832 | Orc:2    | Reached skill level 10 in Invocations
 22292 | Orc:2    | Found Jiad Tet's General Store.
 22293 | Orc:2    | Found Owaof's Jewellery Boutique.
 22296 | Orc:2    | Found Jourek's Antique Armour Shop.
 22296 | Orc:2    | Found Taob's Antique Weapon Shop.
 22975 | D:12     | Noticed Urug
 22991 | D:12     | Killed Urug
 23089 | D:12     | Noticed Psyche
 23107 | D:12     | Killed Psyche
 23276 | D:12     | Noticed Erolcha
 23530 | D:12     | Killed Erolcha
 23710 | D:12     | Noticed a sphinx
 23714 | D:12     | Killed a sphinx
 23781 | D:12     | Noticed a storm dragon
 23931 | D:12     | Got an ancient hand axe
 23932 | D:12     | Identified the +9 hand axe "Xetazose" {elec, rN+} (You
                  | found it on level 12 of the Dungeon)
 24063 | D:12     | Noticed a sphinx
 24074 | D:12     | Killed a sphinx
 24123 | D:12     | Noticed a storm dragon
 24140 | D:12     | Killed a storm dragon
 24264 | D:12     | Killed a storm dragon
 24371 | D:13     | Found a runed translucent gate.
 24371 | D:13     | Found a runed translucent gate.
 24373 | D:13     | Found a runed translucent gate.
 24389 | D:13     | Found Kugona's Armour Shoppe.
 24403 | D:13     | Reached skill level 14 in Shields
 24442 | D:13     | Noticed Odowaim's ghost (journeyman KoGl)
 24444 | D:13     | Bought a +1 helmet of see invisible for 247 gold pieces
 24493 | D:13     | Found Ufuogoc's Magic Scroll Shoppe.
 24572 | D:13     | Found Echez's Magic Scroll Boutique.
 24605 | D:13     | Found Woxerie's Magic Scroll Shoppe.
 24707 | D:13     | Found Imerifi's Jewellery Shop.
 24727 | D:13     | Bought an amulet of regeneration for 510 gold pieces
 26125 | D:14     | Reached XP level 16. HP: 117/117 MP: 15/24
 26264 | D:14     | Found a gate to the Vaults.
 26514 | D:14     | Got an ominously black robe
 26525 | D:14     | Identified the +0 robe of Ifalep {Rampage Int+8} (You found
                  | it on level 14 of the Dungeon)
 26726 | D:15     | Entered Level 15 of the Dungeon
 27084 | D:15     | Found the +8 Wrath of Trog {antimagic, *Rage}
 27487 | D:15     | Found a staircase to the Depths.
 27985 | Snake:1  | Entered Level 1 of the Snake Pit
 28282 | Snake:1  | Found Doxzuako's Magic Scroll Emporium.
 28419 | Snake:1  | Reached skill level 15 in Armour
 28491 | Snake:1  | Reached skill level 15 in Shields
 28980 | Snake:1  | Noticed a nagaraja
 28993 | Snake:1  | Killed a nagaraja
 29632 | Snake:2  | Reached XP level 17. HP: 123/123 MP: 17/26
 30461 | Snake:2  | Found Enoext's Jewellery Shop.
 30464 | Snake:2  | Found Dezuor's Book Shoppe.
 30465 | Snake:2  | Found Geyshric's Jewellery Shop.
 30845 | Snake:3  | Found a runed translucent gate.
 30846 | Snake:3  | Found a runed translucent gate.
 30846 | Snake:3  | Noticed Ninadorr's ghost (journeyman MiFi)
 30871 | Snake:3  | Found a runed translucent gate.
 31154 | Snake:3  | Noticed Aizul
 31239 | Snake:2  | Killed Aizul
 32307 | Snake:4  | Entered Level 4 of the Snake Pit
 32326 | Snake:3  | Reached skill level 16 in Shields
 32534 | Snake:4  | Found a stormy altar of Qazlal.
 33308 | Snake:4  | Reached XP level 18. HP: 126/128 MP: 19/28
 33724 | Snake:4  | Reached skill level 15 in Invocations
 34004 | Snake:4  | Got a serpentine rune of Zot
 34393 | Shoals:1 | Entered Level 1 of the Shoals
 34663 | Shoals:1 | Identified a scroll of acquirement
 34666 | Shoals:1 | Noticed Louise
 34672 | Shoals:1 | Acquired the ring "Cuelus" {rC+ MP+9 Int+4 Slay+3}
 35367 | Shoals:1 | Killed Louise
 35619 | Shoals:2 | Reached skill level 17 in Shields
 36563 | Shoals:3 | Got a slimy helmet
 36574 | Shoals:3 | Identified the +1 helmet of the First Tales {Int+5 Slay+3
                  | Stlth+} (You found it on level 3 of the Shoals)
 36619 | Shoals:3 | Noticed Kirke
 36631 | Shoals:3 | Killed Kirke
 37022 | Shoals:3 | Noticed Mara
 37044 | Shoals:3 | Noticed Betwixt's illusion
 37285 | Shoals:3 | Noticed Betwixt's illusion
 37305 | Shoals:3 | Noticed Betwixt's illusion
 37349 | Shoals:3 | Killed Mara
 37350 | Shoals:3 | Reached XP level 19. HP: 98/134 MP: 22/31
 37449 | Shoals:4 | Entered Level 4 of the Shoals
 38237 | Shoals:4 | Reached skill level 18 in Shields
 38416 | Shoals:4 | Identified the +11 eveningstar of the Everdark {vorpal,
                  | SInv}
 38621 | Shoals:4 | Got a barnacled rune of Zot
 39612 | Vaults:1 | Entered Level 1 of the Vaults
 40006 | Vaults:1 | Gained mutation: Armour fits poorly on your strangely
                  | shaped body. [a shining eye]
 40645 | Vaults:1 | Paralysed by an ogre mage for 7 turns
 41174 | Vaults:1 | Reached XP level 20. HP: 140/140 MP: 32/32
 41195 | Vaults:1 | Reached skill level 19 in Shields
 41343 | Vaults:1 | Found Qaamo's Distillery.
 42221 | Vaults:2 | Reached skill level 15 in Fighting
 42852 | Vaults:2 | Paralysed by a vampire knight for 3 turns
 42961 | Vaults:2 | Found a staircase to the Crypt.
 43272 | Vaults:3 | Noticed Margery
 43338 | Vaults:3 | Killed Margery
 43667 | Vaults:3 | Reached skill level 20 in Shields
 44056 | Vaults:3 | Reached XP level 21. HP: 148/148 MP: 33/33
 44665 | Vaults:4 | Noticed Donald
 44722 | Vaults:3 | Killed Donald
 45198 | Vaults:4 | Noticed Boris
 45221 | Vaults:4 | Blown up by Boris

Illustrated notes

Levels and vault maps discovered:
D:1:      lightli_arrival_lavapool, layout_loops_corners, serial_bayou_pond_a,
          evilmike_ruin_ashenzari
D:2:      layout_rooms, uniq_terence
D:3:      layout_loops_ring, chequers_temple_overflow_statue_of_worship,
          minmay_between, uniq_grinder
D:4:      layout_layer_cave, grunt_dithmenos_shadows
D:5:      layout_loops_corners, nzn_wu_jian_council_hall, elyvilon_altar_5,
          minmay_temple_entry_butterflies
D:6:      layout_cave_pods, kennysheep_little_box, serial_gnoll_camp,
          gnoll_camp_mini_shop, gnoll_camp_mini_hut, gnoll_camp_huts_basic,
          gnoll_camp_mini_basic, fountainhead
D:7:      black_bear_nest_2, layout_cave_pools, lemuel_round_altar
D:8:      layout_rooms, lemuel_blue_sif_altar, overflow_temple_1_default,
          general_overflow_altar, minitemple, lair_entry_dummy, nicolae_wwwww
D:9:      layout_layer_cave, chequers_arboretum, kennysheep_generic_room_16
D:10:     layout_basic, david_orc_4, gammafunk_ghost_berserking_beasts,
          minivault_12
D:11:     layout_irregular_city, basic_altar, grunt_qazlal_sundering
D:12:     minmay_box_of_curves, layout_irregular_city, drop_trap, uniq_psyche,
          uniq_urug, uniq_erolcha
D:13:     layout_basic, gammafunk_ghost_icy, serial_shops,
          nicolae_shop_competitors_out_of_business, kennysheep_mini, shop, shop,
          kennysheep_mini_moat
D:14:     layout_loops_ring, grunt_vaults_entry_tiered,
          minmay_staircase_windowed_small
D:15:     grunt_enter_depths_snipers, layout_loops_ring, hex_medium,
          minmay_guarded_unrand_wrath_of_trog
Temple:   minmay_temple_curvy_loop
Lair:1:   layout_chaotic_city, grunt_forest_large_clearing_hut, uniq_nergalle
Lair:2:   layout_cave_shapes, chequers_serial_rivers_micro_c,
          serial_bayou_shore_a, infiniplex_staircase_pool, serial_bayou_shore_b,
          lemuel_fruit_fields
Lair:3:   wander_river, layout_cave_pods, minmay_another_anthill,
          grunt_megastairs_1
Lair:4:   layout_layer_cave, elwin_shoals_entry_rooms,
          minmay_snake_entry_guardpost_medium, cheibrodos_lair_lostbears
Lair:5:   layout_gridlike, minmay_slime_entry_oklob_open, grunt_megastairs_4
Lair:6:   cheibrodos_lair_end_hotspot, layout_regular_city, basic_altar
Shoals:1: layout_shoals, st_shoals_ruin, uniq_louise
Shoals:2: layout_shoals
Shoals:3: layout_shoals, nicolae_shoals_dead_sea_scrolls, uniq_kirke, uniq_mara
Shoals:4: shoals_end_grunt_ice, layout_shoals
Snake:1:  layout_layer_cave, serial_shops, nicolae_shop_behind_doors,
          grunt_ministairs_2, serial_bayou_pond_b
Snake:2:  layout_chambers, minmay_shop_grove
Snake:3:  layout_chambers, gammafunk_ghost_split, uniq_aizul
Snake:4:  grunt_snake_rune_pools, layout_misc_corridors, basic_altar,
          library_closet
Orc:1:    layout_caves, mines5_lemuel
Orc:2:    st_orc_congregation, layout_caves, uniq_jorgrun
Vaults:1: vaults_room_pool, v_misc_33, hangedman_vaults_corner_blocks,
          ontoclasm_vaults_tryst, ontoclasm_vaults_ring_square,
          nicolae_vaults_windows_and_doors_thing,
          nicolae_vaults_yaktaur_gun_rack, nicolae_vaults_alarming, v_misc_13,
          vaults_room_guarded_vault, nicolae_vaults_border_crossing,
          grunt_vaults_hallway_long, layout_vaults_quadrants, serial_shops, shop
Vaults:2: v_alt_pattern_6, v_alt_pattern_1, nicolae_vaults_little_squares_5,
          nicolae_vaults_ninety_degrees, vaults_room_octagon,
          ontoclasm_vaults_claustrophobia, vaults_mumra_minichess,
          minmay_crypt_entry_simple_plaza, v_pattern_5,
          ontoclasm_vaults_gateway, v_misc_9, vaults_room_fancy_cross,
          serial_ice_h, nicolae_vaults_diagonal_hallway_7, vaults_room_fours,
          vaults_room_stairs_pillars, vaults_dpeg_encased_lava,
          layout_vaults_omnicross, uniq_jory
Vaults:3: nicolae_vaults_back_hallway, v_misc_12, vaults_room_large_hall,
          vaults_room_large_hall, hangedman_vaults_nodes,
          grunt_vaults_trifunnel, ontoclasm_vaults_decontamination,
          ontoclasm_vaults_idyll, v_misc_13, v_misc_19,
          nicolae_vaults_shelves_hall, layout_vaults_omnibox, uniq_margery
Vaults:4: hangedman_vaults_stretched_pinwheel, v_misc_29,
          ontoclasm_vaults_misaligned, v_misc_19, v_misc_10, st_cells,
          vaults_room_fours, hangedman_vaults_stream, vaults_room_semicircle,
          vaults_mumra_chevron_long, grunt_vaults_hallway_long,
          layout_vaults_maze_snakey, uniq_donald, uniq_boris

Skill      XL: |  1  2  3  4  5  6  7  8  9 10 11 12 13 14 15 16 17 18 19 20 21 |
---------------+----------------------------------------------------------------+-----
Axes           | 2 3 4 5 7 8 |  8.5
Armour         | 4 5 7 8 9 10 11 12 13 14 15 16 17 18 19 | 19.0
Fighting       | 4 5 6 8 9 10 11 12 13 14 15 | 15.9
Shields        | 4 5 7 8 9 10 11 12 13 14 15 16 17 18 20 | 20.7
Maces & Flails | 1 4 6 7 8 10 11 12 13 | 13.5
Invocations    | 3 6 8 9 11 12 14 16 17 | 17.1

Action                   |  1- 3 |  4- 6 |  7- 9 | 10-12 | 13-15 | 16-18 | 19-21 || total
-------------------------+-------+-------+-------+-------+-------+-------+-------++-------
Melee: War axe           |   130 |   145 |   217 |       |       |       |       ||   492
       Whip              |       |       |   208 |       |       |       |       ||   208
       Mace              |       |       |    44 |   863 |  1837 |  2489 |  1932 ||  7165
Throw: Dart              |       |       |       |       |       |       |     2 ||     2
Invok: Lesser Servant of |       |       |       |       |     8 |    12 |    13 ||    33
       Greater Servant o |       |       |       |       |       |     2 |     6 ||     8
 Abil: Evoke Flight      |       |       |       |     2 |       |       |       ||     2
       Fly               |       |       |       |       |     1 |     3 |     5 ||     9
       Stop Flying       |       |       |       |       |       |     3 |     5 ||     8
  Use: Scroll            |       |     4 |    10 |     6 |    10 |     7 |     1 ||    38
       Potion            |       |       |     7 |     4 |     5 |     3 |     7 ||    26
 Stab: Sleeping          |       |       |       |     4 |     8 |     7 |    10 ||    29
       Distracted        |       |       |       |     1 |     3 |    10 |     4 ||    18
Armor: Scale mail        |    76 |       |    61 |   482 |   874 |  1298 |   892 ||  3683
       Chain mail        |       |    90 |   233 |       |       |       |       ||   323
       Skin              |       |       |       |       |    14 |       |       ||    14
Dodge: Dodged            |    53 |    65 |   257 |   550 |   685 |   671 |   477 ||  2758
Block: Kite shield       |    93 |    86 |   346 |   779 |  1218 |  1692 |  1308 ||  5522

Table legend: (Time is in decaauts)
 A = Elapsed time spent in this place.
 B = Non-inter-level travel time spent in this place.
 C = Inter-level travel time spent in this place.
 D = Time resting spent in this place.
 E = Time spent auto-exploring this place.
 F = Levels seen in this place.
 G = Mean time per level.
                   A        B        C        D        E       F      G
               +--------+--------+--------+--------+--------+-----+--------+
         Total |  44207 |  41692 |   2515 |   2035 |  22824 |  36 | 1228.0 |
       Dungeon |  18106 |  16747 |   1359 |   1478 |  10509 |  15 | 1207.1 |
        Temple |    235 |    235 |      0 |      0 |    203 |   1 |  235.0 |
          Lair |   7080 |   6515 |    565 |     72 |   4026 |   6 | 1180.0 |
        Shoals |   4673 |   4552 |    121 |    171 |   1923 |   4 | 1168.2 |
     Snake Pit |   5849 |   5564 |    285 |     16 |   3088 |   4 | 1462.2 |
  Orcish Mines |   3218 |   3112 |    106 |    166 |   1001 |   2 | 1609.0 |
        Vaults |   5044 |   4966 |     78 |    132 |   2073 |   4 | 1261.0 |
               +--------+--------+--------+--------+--------+-----+--------+

Top non-repeatable levels by time:
Vaults:1: 1931 daAuts
     D:9: 1777 daAuts
    D:14: 1738 daAuts
 Snake:4: 1727 daAuts
   Orc:2: 1695 daAuts
Shoals:4: 1682 daAuts
    D:10: 1575 daAuts
     D:6: 1563 daAuts
   Orc:1: 1523 daAuts
Vaults:3: 1511 daAuts
  Lair:3: 1443 daAuts
    D:12: 1440 daAuts
 Snake:2: 1439 daAuts
  Lair:6: 1425 daAuts
 Snake:3: 1382 daAuts
